AoeStats
← Led

Glade

510857177Analyzed
1v1 RM · 13h ago on Oct 2, 2026· 18m 42s· 2 players
Game mode
Random Map
Map size
Tiny (2 player)
Population
200
Speed
Normal
Resources
Standard
Victory
Conquest
Starting age
Dark Age
Ending age
Imperial Age
RankedLock teamsTeams togetherTeam positionsShared explorationLock speedFull tech treeHidden civsTurbo modeCheats
Victory
Defeat
🇦🇷 Romans · Argentina
1064
+15
🇧🇷 Romans · Brazil
1045
-15
Led
10:58 Feudal Age
16:06 Castle Age
13:59 Stone Mining
14:10 Double-Bit Axe
DD-Necolash
6:53 Loom
9:21 Feudal Age
9:23 Man-at-Arms
12:26 Scale Mail Armor
Connection lost

Rejoining the realm…

Still unreachable

The connection could not be restored.

Session expired

The server has moved on; the page needs a fresh start.